 Dungeon Crawl Stone Soup version 0.29-a0-96-g93358da72b (webtiles) character file.

Game seed: 9578364685790752529

60 Sweetruy1997 the Skirmisher (level 3, -2/30 HPs)
             Began as a Demonspawn Chaos Knight on Feb 12, 2022.
             Was a Plaything of Xom.
             Slain by Crazy Yiuf (13 damage)
             ... on level 2 of the Dungeon.
             The game lasted 00:02:43 (1702 turns).

Sweetruy1997 the Skirmisher (DsCK)                  Turns: 1702, Time: 00:02:44

Health: -2/30      AC:  7    Str: 12    XL:     3   Next: 82%
Magic:  3/3        EV: 11    Int: 13    God:    Xom [*.....]
Gold:   33         SH:  0    Dex: 14    Spells: 2/2 levels left

rFire   . . .      SeeInvis .   a - +0 falchion (chaos)
rCold   . . .      Faith    .   (no shield)
rNeg    . . .      Spirit   .   b - +2 leather armour
rPois   .          Reflect  .   (no helmet)
rElec   .          Harm     .   (no cloak)
rCorr   .          Rampage  .   (no gloves)
Will    .....                   (no boots)
Stlth   +.........              (no amulet)
HPRegen 0.10/turn               (no ring)
MPRegen 0.08/turn               (no ring)

@: no status effects
A: claws 1, yellow scales 1, screaming 1
a: Renounce Religion


You were on level 2 of the Dungeon.
You worshipped Xom.
You were a special plaything of Xom.
You visited 1 branch of the dungeon, and saw 2 of its levels.

You collected 33 gold pieces.

Inventory:

Hand Weapons
 a - a +0 falchion of chaos (weapon)
Armour
 b - a +2 leather armour (worn)
Scrolls
 d - a scroll of identify {unknown}
 g - a scroll of blinking {unknown}
 h - a scroll of enchant weapon {unknown}
 j - a scroll of holy word {unknown}
 k - a scroll of fear {unknown}
Potions
 e - a potion of might {unknown}
 f - a potion of magic {unknown}
 i - a potion of curing {unknown}


   Skills:
 + Level 3.8 Fighting
 + Level 3.3 Long Blades
 + Level 2.1 Armour
 + Level 1.1 Dodging
 + Level 0.3 Stealth


You had 2 spell levels left.
You didn't know any spells.
Your spell library was empty.

Dungeon Overview and Level Annotations

Branches:
Dungeon (2/15)

Altars:
Ru

Annotations:
D:2 1 runed translucent door, Crazy Yiuf


Innate Abilities, Weirdness & Mutations

You have sharp fingernails.
You are partially covered in yellow scales. (AC +2)
You occasionally shout uncontrollably at your foes.


Message History

The puff of frost hits you but does no damage.
You aren't carrying any items that you can evoke.
As you read the scroll labelled XUDIETSYRPH, it crumbles to dust.
It is a scroll of brand weapon.
Really abort (and waste the scroll)?
Okay, then.
You hit the iron imp but do no damage.
The iron imp is lightly wounded.
The iron imp hits you.
You hit the iron imp but do no damage.
The iron imp is lightly wounded.
The iron imp hits you.
You closely miss the iron imp.
The iron imp is lightly wounded.
The iron imp hits you.
* * * LOW HITPOINT WARNING * * *
You barely miss the iron imp.
The iron imp is lightly wounded.
The iron imp closely misses you.
The iron imp picks up a beetle and eats it.
The white imp degenerates into a cloud of primal chaos!
There is a stone staircase leading down here.
The iron imp disappears in a puff of smoke!
You start resting. "Whee!"
Your surroundings suddenly seem different.
Found a stone staircase leading up.
Your surroundings suddenly seem different.
Your surroundings suddenly seem different.
Crazy Yiuf the Enlightened comes into view.
He is wielding a +3 quarterstaff of chaos.
Found a mace.
Found a runed translucent door.
Crazy Yiuf shouts!
Crazy Yiuf hits you with a +3 quarterstaff of chaos!
You convulse.
You hit Crazy Yiuf.
Crazy Yiuf goes berserk!
Xom is amused.
Crazy Yiuf is lightly wounded.
Crazy Yiuf hits you with a +3 quarterstaff of chaos!
You die...
Xom laughs nastily!

#####
♣♣#..)#
♣.+.@g#
♣..♣#...#
♣. #####


You could see Crazy Yiuf (berserk).

Vanquished Creatures
  2 adders
  2 dart slugs (D:1)
  2 ball pythons (D:1)
  6 endoplasms
  3 goblins (D:1)
  A hobgoblin (D:1)
  5 jackals
  6 kobolds
  3 bats (D:1)
  2 frilled lizards (D:1)
  2 rats
34 creatures vanquished.

Notes
Turn   | Place    | Note
-------+----------+-------------------------------------------
     0 | D:1      | Sweetruy1997 the Demonspawn Chaos Knight began the quest
                  | for the Orb.
     0 | D:1      | Reached XP level 1. HP: 18/18 MP: 1/1
    77 | D:1      | XOM: divination: detect items
   340 | D:1      | Gained mutation: You are partially covered in yellow
                  | scales. (AC +2) [demonic ancestry]
   340 | D:1      | Reached XP level 2. HP: 22/24 MP: 2/2
   610 | D:1      | XOM: divination: magic mapping
   724 | D:1      | XOM: smoke on damage
   726 | D:1      | XOM: polymorph jackal -> adder
   729 | D:1      | Gained mutation: You have sharp fingernails. [demonic
                  | ancestry]
   729 | D:1      | Reached XP level 3. HP: 11/29 MP: 3/3
   811 | D:1      | XOM: god gift: runed mace {god gift}
  1227 | D:1      | XOM: give mutation
  1227 | D:1      | Gained mutation: You occasionally shout uncontrollably at
                  | your foes. [Xom's mischief]
  1427 | D:2      | Found a sacrificial altar of Ru.
  1445 | D:2      | Reached skill level 1 in Dodging
  1508 | D:2      | XOM: summons 2 hostile demons
  1700 | D:2      | Found a runed translucent door.
  1700 | D:2      | Noticed Crazy Yiuf
  1700 | D:2      | XOM: 3-stop teleportation journey
  1702 | D:2      | Slain by Crazy Yiuf

Illustrated notes

Levels and vault maps discovered:
D:1:      beargit_arrival_diablo_church, layout_loops_ring, serial_bayou_pond_d
D:2:      minmay_recursive_quarters, layout_rooms, basic_altar,
          basic_ecumenical_altar, hangedman_glass_teeth, chequers_mini_garden,
          st_stairs_12, uniq_crazy_yiuf_cottage

Skill      XL: |  1  2  3 |
---------------+----------+-----
Long Blades    | 3 |  3.3
Armour         | 2 |  2.1
Dodging        | 1 |  1.1
Fighting       | |  3.8
Stealth        | |  0.3

Action                   || total
-------------------------++-------
Melee: Falchion          ||   110
       Punch             ||     1
  Use: Scroll            ||     1
 Stab: Petrifying        ||     2
Armor: Leather armour    ||    64
Dodge: Dodged            ||    69

Table legend: (Time is in decaauts)
 A = Elapsed time spent in this place.
 B = Non-inter-level travel time spent in this place.
 C = Inter-level travel time spent in this place.
 D = Time resting spent in this place.
 E = Time spent auto-exploring this place.
 F = Levels seen in this place.
 G = Mean time per level.
                   A        B        C        D        E       F      G
               +--------+--------+--------+--------+--------+-----+--------+
         Total |   1717 |   1629 |     88 |    317 |   1033 |   2 |  858.5 |
       Dungeon |   1717 |   1629 |     88 |    317 |   1033 |   2 |  858.5 |
               +--------+--------+--------+--------+--------+-----+--------+

Top non-repeatable levels by time:
     D:1: 1401 daAuts
     D:2: 316 daAuts
